[Event "Early-Titled-Tuesday-Blitz-September-12-2023"]
[Site "Chess.com"]
[Date "2023.09.12"]
[Round "10"]
[White "FuenfgegenWilly"]
[Black "Artem_Sadovsky"]
[Result "1-0"]
[WhiteElo "2372"]
[BlackElo "2503"]
[TimeControl "180+1"]
[EndTime "9:56:16 PDT"]
[Termination "FuenfgegenWilly won by checkmate"]

1. e4 g6 2. Nc3 Bg7 3. f4 c6 4. Nf3 d5 5. d3 Nf6 6. h3 dxe4 7.
dxe4 Qxd1+ 8. Kxd1 O-O 9. Be3 Rd8+ 10. Ke1 b5 11. e5 Nd5 12. Nxd5 Rxd5 13. Bd3 Bf5 14. Bxf5 gxf5 15. Ke2 e6 16. g4 fxg4 17.
hxg4 Nd7 18. Ng5 Nf8 19. Ne4 Rad8 20. Bxa7 Ng6 21. Be3 c5 22. a4 b4 23. Rhd1 c4 24.
a5 h5 25. gxh5 Ne7 26. Rg1 Kh7 27. h6 Bxh6 28. Nf6+ Kh8 29. Nxd5 Nxd5 30. Rh1 Kh7 31. a6 b3 32. a7 Kg7 33. cxb3 Bxf4 34. a8=Q Rxa8 35.
Rxa8 Nxe3 36. Rg1+ Kh7 37. bxc4 Nxc4 38. Ra4 Be3 39.
Rh1+ Kg6 40. Rxc4 Kf5 41. Kxe3 Kxe5 42. Re4+ Kf6 43. Rf1+ Ke7 44. Rh4 f5 45. Kf4 Kf6 46. Rh6+ Kg7 47. Rxe6 Kf7 48. Re5 Kg7 49. Rxf5 Kg6 50.
Re1 Kh6 51. Ree5 Kg7 52. b4 Kg8 53. b5 Kg7 54. b6 Kg6 55. b7 Kg7 56. Ke4 Kg6 57.
Kd5 Kg7 58. Rf2 Kg6 59. Re1 Kg5 60. Rg1+ Kh4 61. Rh2# 1-0

[Event "Early-Titled-Tuesday-Blitz-September-12-2023"]
[Site "Chess.com"]
[Date "2023.09.12"]
[Round "10"]
[White "DeArron_Fox"]
[Black "pirulillo"]
[Result "0-1"]
[WhiteElo "2483"]
[BlackElo "2329"]
[TimeControl "180+1"]
[EndTime "9:56:16 PDT"]
[Termination "pirulillo won by checkmate"]

1. d4 Nf6 2. c4 g6 3. Nc3 Bg7 4. e4 d6 5. f3 O-O 6. Be3 b6 7. Qd2 c5 8. Nge2 Re8 9. O-O-O Qd7 10. h4 h5 11. g3 Bb7 12. Bh3 Qd8 13. d5 Nbd7 14.
f4 a6 15. Rdg1 b5 16. Qc2 Nb6 17. b3 bxc4 18. g4 cxb3 19. axb3 hxg4 20. Bxg4 Nxg4 21.
Rxg4 a5 22. h5 a4 23. hxg6 f5 24. exf5 Nxd5 25. Qe4 e6 26. fxe6 Nxc3 27. Qxb7 Re7 28. Qf3 Nxe2+ 29. Qxe2 a3 30. Qh2 a2 31. Qh7+ Kf8 32. Kc2 Rxe6 33. Rg5 Qf6 34. Rhh5 Qc3+ 35. Kd1 a1=Q+ 36. Ke2 Qab2+ 37. Kf3 Qxe3+ 38. Kg4 Qbe2+ 39. Kh4 Qh2+ 40. Kg4 Qeg3+ 41. Kf5 Qxf4+ 42. Kxe6 Qe5+ 43. Kd7 Qe7+ 44. Kc6 Rc8+ 45. Kd5 Qd2+ 46. Kc4 Qd4+ 47. Kb5 Qb4+ 48. Ka6 Qeb7# 0-1

[Event "Early-Titled-Tuesday-Blitz-September-12-2023"]
[Site "Chess.com"]
[Date "2023.09.12"]
[Round "10"]
[White "DenLaz"]
[Black "jguerramzllo"]
[Result "1/2-1/2"]
[WhiteElo "3062"]
[BlackElo "2885"]
[TimeControl "180+1"]
[EndTime "9:56:17 PDT"]
[Termination "Game drawn by repetition"]

1. Nf3 d5 2. d4 e6 3. c4 Nf6 4.
Nc3 Be7 5. Bg5 O-O 6. e3 Nbd7 7. Qc2 h6 8. cxd5 exd5 9. Bf4 c6 10. Bd3 Re8 11. h3 Nb6 12. O-O Bd6 13. Bxd6 Qxd6 14. Ne5 Be6 15. f4 Rac8 16. Rac1 Bd7 17. Qf2 c5 18.
Rcd1 cxd4 19. exd4 Nc4 20. Rfe1 b5 21. Nb1 Rc7 22. b3 Nb6 23. Nd2 a6 24. Re3 Rec8 25.
Rde1 Rc3 26. Qh4 Kf8 27. Ndf3 Rc1 28. Kh2 Qb4 29. Qf2 Rxe1 30. Rxe1 Be8 31. Nh4 Rc3 32. Nf5 Nbd7 33. Qg3 Nh5 34. Qh4 Nxe5 35. Rxe5 Nf6 36. Qg3 g6 37. Nxh6 Qxd4 38. Qg5 Qxd3 39. Nf5 gxf5 40.
Qh6+ Kg8 41. Qg5+ Kf8 42. Qh6+ Kg8 43. Qg5+ Kf8 1/2-1/2

[Event "Early-Titled-Tuesday-Blitz-September-12-2023"]
[Site "Chess.com"]
[Date "2023.09.12"]
[Round "10"]
[White "fireheart92"]
[Black "FabianoCaruana"]
[Result "1-0"]
[WhiteElo "2974"]
[BlackElo "3058"]
[TimeControl "180+1"]
[EndTime "9:56:20 PDT"]
[Termination "fireheart92 won by resignation"]

1. b3 b6 2. e4 Bb7 3. Nc3 c5 4. Bb2 e6 5. Nf3 Nf6 6. e5 Nd5 7. Nxd5 Bxd5 8. h4 Be7 9. Bd3 h6 10. Qe2 Qc7 11. Rh3 Bb7 12. Rg3 g6 13. a3 Nc6 14.
O-O-O O-O-O 15. Rg4 Rhe8 16. Qe3 h5 17. Rf4 Rf8 18. Ng5 Bxg5 19. hxg5 Ne7 20. Qg3 Kb8 21. Kb1 a6 22. Re1 Ka7 23. f3 Rc8 24. Qf2 Ka8 25. Ra4 a5 26. Rh4 Bc6 27. g4 hxg4 28.
fxg4 a4 29. bxa4 Bxa4 30. Rh7 Nd5 31. Rxf7 Rg8 32. c4 Bb3 33. cxd5 Bxd5 34. Rc1 Qc6 35. Qe2 c4 36. Bc2 Rh8 37. Rf4 Rh3 38. Be4 Rb3 39.
Bxd5 exd5 40. Rc3 Rb5 41. d3 Rc5 42. dxc4 dxc4 43. Qe4 Kb7 44. Qxc6+ R8xc6 45. Rf6 Rxe5 46. Rxc6 dxc6 47. Rxc4 Rxg5 48. Bf6 Rd5 49. Rd4 Rc5 50. g5 Ka6 51. Rd7 Kb5 52. Kb2 Rc4 53. Rd4 Rc5 54. Re4 Rf5 55. Re5+ Rxe5 56. Bxe5 c5 57. Kc3 Kc6 58. a4 b5 59. axb5+ Kxb5 60. Bf6 1-0

[Event "Early-Titled-Tuesday-Blitz-September-12-2023"]
[Site "Chess.com"]
[Date "2023.09.12"]
[Round "10"]
[White "nss13"]
[Black "Dr_crypt"]
[Result "1-0"]
[WhiteElo "2558"]
[BlackElo "2419"]
[TimeControl "180+1"]
[EndTime "9:56:20 PDT"]
[Termination "nss13 won on time"]

1. e4 d5 2. exd5 Qxd5 3. Nc3 Qd6 4. d4 c6 5. Nf3 Bf5 6. Ne5 Nd7 7. Bf4 Nxe5 8. Bxe5 Qd7 9. Qd2 e6 10. O-O-O Nf6 11.
f3 h5 12. Bd3 Bxd3 13. Qxd3 Be7 14. Kb1 O-O-O 15. Ne4 Nxe4 16. fxe4 f6 17. Bg3 h4 18. Bf2 Rh5 19. Qf3 Qe8 20. Qg4 Qf7 21. Rhf1 f5 22. Bg1 fxg4 23. Rxf7 Bf6 24. c3 Rd7 25. Rxd7 Kxd7 26. e5 Bd8 27. Rf1 Rf5 28.
Re1 Ke8 29. Kc2 Kf7 30. Kd3 Kg6 31. Re4 Kh5 32. Ke2 Bg5 33. c4 a6 34. b4 Rf4 35.
Rxf4 Bxf4 36. Kd3 g5 37. Ke4 Kg6 38. d5 Kf7 39. d6 Ke8 40. a4 b5 41. axb5 axb5 42.
cxb5 cxb5 43. h3 gxh3 44. gxh3 Kd7 45. Be3 Bxe3 46. Kxe3 1-0

[Event "Early-Titled-Tuesday-Blitz-September-12-2023"]
[Site "Chess.com"]
[Date "2023.09.12"]
[Round "10"]
[White "parintele_chess"]
[Black "Biregina"]
[Result "0-1"]
[WhiteElo "2250"]
[BlackElo "2426"]
[TimeControl "180+1"]
[EndTime "9:56:20 PDT"]
[Termination "Biregina won on time"]

1. d4 d6 2. c4 e5 3. dxe5 dxe5 4. Qxd8+ Kxd8 5. Nc3 c6 6. Bg5+ Kc7 7. O-O-O f6 8.
Bh4 Be6 9. e4 h5 10. Bg3 h4 11.
Bxh4 Rxh4 12. Nf3 Rh8 13. h4 Nd7 14. Nd2 Bb4 15. Kc2 Bxc3 16. Kxc3 Ne7 17. f3 f5 18. Be2 f4 19. g4 fxg3 20. Rdg1 Ng6 21. Rxg3 Nf4 22.
Bd1 g6 23. Nf1 Rh7 24. Ne3 Rah8 25. Ng4 Rxh4 26. Rhg1 Bxg4 27. Rxg4 Rxg4 28. Rxg4 Nf6 29.
Rg5 Rh5 30. Rg3 g5 31. c5 g4 32. Kc4 Rg5 33. Bc2 N4h5 34. Rg1 g3 35. b4 Nf4 36. a4 N6h5 37. b5 Nh3 38. Rh1 g2 39. Re1 g1=Q 40. Rxg1 Nxg1 41. bxc6 bxc6 42. Kb4 Nxf3 43. Ka5 Nd4 44. Bd3 Nf4 45. Bc4 Rg3 46. Ka6 Rc3 47. Bf1 Rxc5 48. a5 Rxa5+ 49. Kxa5 Kd6 50. Ka6 c5 51. Kxa7 Nf3 52. Kb6 Nd2 53. Ba6 Nxe4 54. Bb7 Nc3 55. Bf3 Ne6 56. Ka5 Nd4 57. Bh5 e4 58. Bg6 e3 59. Bd3 Nd5 60.
Ka4 Nf4 61. Bc4 Nf3 62. Kb3 Ke5 63. Kc2 Kd4 64. Ba6 Nd2 65. Kd1 c4 66. Bb5 c3 67.
Kc2 Nf3 68. Kd1 Nh3 69. Ke2 Nf2 70. Kxf3 c2 0-1

[Event "Early-Titled-Tuesday-Blitz-September-12-2023"]
[Site "Chess.com"]
[Date "2023.09.12"]
[Round "10"]
[White "GMBenjaminBok"]
[Black "Polish_fighter3000"]
[Result "1-0"]
[WhiteElo "3033"]
[BlackElo "3086"]
[TimeControl "180+1"]
[EndTime "9:56:21 PDT"]
[Termination "GMBenjaminBok won on time"]

1. d4 Nf6 2. c4 e6 3. Nc3 Bb4 4. Qc2 d5 5. a3 Bxc3+ 6. Qxc3 O-O 7. Bg5 h6 8. Bxf6 Qxf6 9. Nf3 dxc4 10. Qxc4 Nc6 11.
Qc3 Rd8 12. e3 Bd7 13. Be2 Rac8 14. O-O Ne7 15. Rac1 Ng6 16. Qa5 Bc6 17. Qxa7 Nh4 18. Nxh4 Qxh4 19. Qc5 Rd5 20. Qc3 Rg5 21. f3 f5 22. Qe1 Qxe1 23. Rfxe1 Kf8 24. Kf2 Ke7 25. Rc5 Bd7 26. Rec1 c6 27. R5c3 Ra8 28. Rb3 Ra7 29. Rc5 Rg6 30. Rb4 Rf6 31. h4 g5 32. Rc1 g4 33.
fxg4 fxg4+ 34. Kg3 h5 35. Rf1 Rxf1 36. Bxf1 b5 37. Rb3 Ra8 38. Bd3 Kd6 39. Rc3 b4 40.
axb4 Ra2 41. Bg6 e5 42. dxe5+ Kxe5 43. Bxh5 Rxb2 44. Bxg4 Bxg4 45. Kxg4 Rxg2+ 46. Kf3 Rb2 47. Rc5+ Kd6 48. Rc4 Kd5 49. Rd4+ Ke5 50. h5 Rh2 51. Rc4 Kd6 52. Kg4 Re2 53. e4 Rg2+ 54. Kf5 Rf2+ 55. Kg6 Rg2+ 56. Kh7 Rg1 57. h6 Rg2 58. Kh8 Rg1 59. h7 1-0

[Event "Early-Titled-Tuesday-Blitz-September-12-2023"]
[Site "Chess.com"]
[Date "2023.09.12"]
[Round "10"]
[White "Dewarfd"]
[Black "Herman-NY"]
[Result "0-1"]
[WhiteElo "2186"]
[BlackElo "2548"]
[TimeControl "180+1"]
[EndTime "9:56:21 PDT"]
[Termination "Herman-NY won by resignation"]

1. d4 Nf6 2. e3 g6 3. Nf3 Bg7 4. Be2 O-O 5. b4 d6 6. Bb2 a5 7. b5 b6 8. a4 Bb7 9. O-O Nbd7 10. Nbd2 e6 11. c4 Qe7 12. Nb3 Ne4 13. Rc1 f5 14. Ba3 g5 15. c5 bxc5 16. dxc5 dxc5 17.
Qc2 g4 18. Nfd2 Nc3 19. Nc4 Bd5 20. Nbxa5 Qh4 21. Bb2 Nxe2+ 22. Qxe2 Bxb2 23. Qxb2 Rf6 24. f3 gxf3 25. g3 Qh3 26. Qf2 Kh8 27. Rfd1 Rg6 28.
Nc6 Rxa4 29. N6e5 Nxe5 30. Nxe5 Rg7 31. Ra1 Rxa1 32. Rxa1 h6 33. Nxf3 Qg4 34. Nh4 Qxh4 35. Kf1 Qe4 36. Ke1 Qb4+ 37. Qd2 Qxb5 38. Ra7 Kh7 39. Rxc7 Rxc7 40. e4 Qb4 41. Qxb4 cxb4 42. exd5 exd5 43. Kd2 b3 44. h4 b2 45. h5 b1=Q 46. Ke3 Qe4+ 0-1

[Event "Early-Titled-Tuesday-Blitz-September-12-2023"]
[Site "Chess.com"]
[Date "2023.09.12"]
[Round "10"]
[White "Romkachess"]
[Black "RCone"]
[Result "0-1"]
[WhiteElo "2497"]
[BlackElo "2364"]
[TimeControl "180+1"]
[EndTime "9:56:21 PDT"]
[Termination "RCone won on time"]

1. e4 d6 2. d4 Nf6 3. Nc3 c6 4. Be3 g6 5. f3 b5 6. Qd3 Nbd7 7. h4 h5 8. Nh3 Bg7 9. Ng5 Nb6 10. a4 b4 11. Na2 a5 12. Nc1 Ba6 13. Qd2 Bxf1 14. Rxf1 Nc4 15. Qe2 Nxe3 16. Qxe3 O-O 17. Nb3 Qb6 18.
O-O-O Rac8 19. Qd3 c5 20. dxc5 dxc5 21. Qc4 Qc7 22. f4 Ng4 23. Rd3 Nh2 24. Rf2 Ng4 25. Rff3 Nh2 26. e5 Nxf3 27. Nxf3 Bh6 28. g3 e6 29. Nbd2 Qc6 30. Ne4 Qxa4 31. Kb1 Qc6 32. Rd6 Qc7 33. Nf6+ Kh8 34. Nd2 Rfd8 35. Nde4 Bf8 36.
Qd3 c4 37. Qd2 c3 38. Qc1 cxb2 39. Qxb2 Bxd6 40. exd6 Qxc2+ 41. Qxc2 Rxc2 42. Kxc2 a4 43. Kb2 Kg7 44. Ka2 a3 45. Kb3 Ra8 46. Ka2 b3+ 47.
Kxb3 a2 48. d7 a1=Q 49. Ne8+ Kf8 0-1

[Event "Early-Titled-Tuesday-Blitz-September-12-2023"]
[Site "Chess.com"]
[Date "2023.09.12"]
[Round "10"]
[White "Goryachkina"]
[Black "sjoerd893"]
[Result "1/2-1/2"]
[WhiteElo "2646"]
[BlackElo "2482"]
[TimeControl "180+1"]
[EndTime "9:56:22 PDT"]
[Termination "Game drawn by repetition"]

1. e4 c5 2. Nf3 Nc6 3. Bb5 g6 4. O-O Bg7 5. Re1 e5 6. b4 Nxb4 7. Bb2 a6 8. a3 axb5 9. axb4 Rxa1 10. Bxa1 d6 11. bxc5 dxc5 12. Bxe5 Bxe5 13. Nxe5 Ne7 14. Nc3 Bd7 15. Nd5 Nxd5 16. exd5 O-O 17. d4 b6 18. h3 Qc7 19. Re3 Qd6 20. dxc5 bxc5 21. Qf3 Bf5 22. c3 b4 23. cxb4 cxb4 24. Nc6 Kg7 25. Qd1 Ra8 26.
Qd4+ Qf6 27. Qxf6+ Kxf6 28. Nxb4 Ra1+ 29. Kh2 Rb1 30.
Nc6 Rd1 31. g4 Bb1 32. Nb4 Rd4 33. Rb3 Be4 34. Kg3 Bxd5 35. Nxd5+ Rxd5 36. Rf3+ Kg7 37. Re3 h5 38. f3 hxg4 39. hxg4 Rd4 40. f4 f5 41. g5 Rd1 42. Kf3 Rf1+ 43. Kg3 Rg1+ 44. Kf3 Rf1+ 45. Kg3 Rg1+ 46. Kf3 Rf1+ 1/2-1/2

[Event "Early-Titled-Tuesday-Blitz-September-12-2023"]
[Site "Chess.com"]
[Date "2023.09.12"]
[Round "10"]
[White "HrvojeZagreb"]
[Black "Quattroporte300"]
[Result "1-0"]
[WhiteElo "2283"]
[BlackElo "2379"]
[TimeControl "180+1"]
[EndTime "9:56:22 PDT"]
[Termination "HrvojeZagreb won by checkmate"]

1. f4 Nf6 2. Nf3 b6 3. b3 Bb7 4. e3 g6 5. Bb2 Bg7 6. Be2 O-O 7. O-O c5 8. d3 d6 9. Qe1 Nbd7 10. e4 Nh5 11. Bxg7 Kxg7 12. f5 Ne5 13. Nxe5 dxe5 14. Bxh5 Qd4+ 15. Qf2 Qxa1 16. c3 Rad8 17. Qc2 Ba6 18. Be2 c4 19. bxc4 b5 20. cxb5 Bxb5 21. Nd2 Ba4 22. Nb3 Bxb3 23. Qxb3 Rb8 24. Rxa1 Rxb3 25.
axb3 Rb8 26. fxg6 Rxb3 27. gxf7 Rxc3 28. Rxa7 Kxf7 29. Kf2 Rc2 30. Ke3 Kf6 31. Ra6+ Kf7 32. Bh5+ Kg7 33. Bf3 Kf7 34. h4 Rb2 35. Rh6 Kg7 36.
Re6 Kf7 37. Rxe5 e6 38. Rh5 Kg6 39. Ra5 h6 40. g4 Rb8 41. Ra6 Kf6 42. g5+ hxg5 43. hxg5+ Ke7 44. Bg4 e5 45. Re6+ Kf7 46. Rxe5 Rb6 47. Bh5+ Kg7 48. Re7+ Kf8 49. Rc7 Rb3 50.
g6 Kg8 51. Bg4 Rb6 52. Bf5 Rd6 53. e5 Rd5 54. Be6+ Kh8 55. g7+ Kh7 56. g8=Q+ Kh6 57.
Rh7# 1-0

[Event "Early-Titled-Tuesday-Blitz-September-12-2023"]
[Site "Chess.com"]
[Date "2023.09.12"]
[Round "10"]
[White "chessdjw"]
[Black "Predator0608"]
[Result "1-0"]
[WhiteElo "2748"]
[BlackElo "2514"]
[TimeControl "180+1"]
[EndTime "9:56:24 PDT"]
[Termination "chessdjw won by resignation"]

1. e4 c5 2. Nf3 d6 3. d4 cxd4 4. Qxd4 Nc6 5. Qe3 Nf6 6. h3 g6 7. Bc4 Bg7 8. O-O O-O 9. Rd1 Qc7 10. a4 Nb4 11. Qc3 Qc5 12. Be3 Nxe4 13. Qb3 Qa5 14. c3 Nc6 15. Nbd2 Nc5 16. Qa2 Qc7 17. Bxc5 dxc5 18.
Ne4 b6 19. Bxf7+ Rxf7 20. Neg5 e6 21. Nxf7 Qxf7 22. Rd6 Qc7 23. Rad1 Bf8 24. Rxe6 Bxe6 25. Qxe6+ Kh8 26. Rd7 Qf4 27. Qxc6 Re8 28. Rxh7+ Kxh7 29. Qxe8 Qc1+ 30. Qe1 Qf4 31. Qd1 Bg7 32. g3 Qf5 33. h4 Bf6 34. Kg2 Qe4 35. Qe1 Qc6 36. Qd1 a6 37. Kf1 b5 38. axb5 axb5 39. Qe2 Kg7 40. Kg2 Qd5 41. Qxb5 Be7 42. b4 Kh6 43. c4 Qf5 44.
bxc5 Bxc5 45. Qc6 Ba7 46. Qd5 Qc2 47. Qg5+ Kh7 48. Qe7+ Kh6 49. Qxa7 Qxc4 50. Qe3+ Kh7 51. Ng5+ Kg7 52. Qe7+ Kg8 53. Qh7+ Kf8 54. Qxg6 Qd5+ 55. Qe4 Qd6 56. Qf4+ Qxf4 57. gxf4 Kg7 58. Kg3 Kg6 59. Kg4 1-0

[Event "Early-Titled-Tuesday-Blitz-September-12-2023"]
[Site "Chess.com"]
[Date "2023.09.12"]
[Round "10"]
[White "viktorskliarov"]
[Black "temus_galaktionov"]
[Result "0-1"]
[WhiteElo "2660"]
[BlackElo "2828"]
[TimeControl "180+1"]
[EndTime "9:56:26 PDT"]
[Termination "temus_galaktionov won by resignation"]

1. e4 c6 2. d4 g6 3. Nc3 d6 4.
Be3 Bg7 5. Qd2 Nd7 6. O-O-O b5 7.
Kb1 Qa5 8. f3 Nb6 9. b3 Qa3 10.
g4 a5 11. Ka1 Qb4 12. Nb1 Qxd2 13. Rxd2 b4 14. c4 Nf6 15. Ne2 Nfd7 16. h4 h5 17. gxh5 Rxh5 18. Ng3 Rh8 19. h5 Nf8 20. h6 Bf6 21. e5 dxe5 22. Ne4 Nbd7 23. Nxf6+ exf6 24. f4 exf4 25. Bxf4 Ne6 26. Bd6 Bb7 27. Bg2 O-O-O 28. a3 c5 29. d5 Nd4 30. Kb2 Nf5 31. Bf4 g5 32. Bh3 Rxh6 33. Bxf5 Rxh1 34. Bd6 Re8 35.
Rf2 Rhe1 36. axb4 R8e2+ 37. Rxe2 Rxe2+ 38. Kc1 cxb4 39. Nd2 Kd8 40. Ne4 Re3 41. Kb2 Rf3 42. Bg4 Rf1 43. Nc5 Nxc5 44. Bxc5 f5 45. Bh5 Ke8 46. Bb6 g4 47. Bxa5 Rh1 48. Bxf7+ Kxf7 49. Bxb4 g3 50. Bc5 f4 0-1

[Event "Early-Titled-Tuesday-Blitz-September-12-2023"]
[Site "Chess.com"]
[Date "2023.09.12"]
[Round "10"]
[White "MusicCityMaster"]
[Black "whiteglovethief"]
[Result "0-1"]
[WhiteElo "2387"]
[BlackElo "2540"]
[TimeControl "180+1"]
[EndTime "9:56:26 PDT"]
[Termination "whiteglovethief won on time"]

1. e4 e6 2. d4 d5 3. Nc3 Bb4 4.
e5 c5 5. a3 Bxc3+ 6. bxc3 Ne7 7. h4 Nbc6 8. h5 Qa5 9. Bd2 h6 10. Nf3 Bd7 11. Rh4 O-O-O 12. a4 c4 13. g3 f6 14. Bg2 f5 15. Kf1 Rdg8 16. Qe1 g5 17.
hxg6 Nxg6 18. Rxh6 Rxh6 19. Bxh6 f4 20. g4 Nce7 21. Bg5 Qd8 22. Bf6 Qf8 23. g5 Nf5 24.
a5 Qf7 25. a6 b6 26. Qc1 Ngh4 27. Nxh4 Nxh4 28. Qxf4 Rh8 29. Qh2 Rh7 30. Re1 Qg6 31. Re2 Ba4 32. Qg3 Bxc2 33. Kg1 Nf5 34. Qg4 Bd3 35.
Re1 Rh4 36. Qf3 Be4 37. Qe2 Qh7 38. Bxe4 dxe4 39. Qxe4 Rxe4 40. Rxe4 Nh4 41. Re3 Qb1+ 42. Kh2 Qf1 43. Kg3 Nf5+ 44. Kf3 Nxe3 45. Kxe3 Qd3+ 46. Kf4 Qxc3 47. g6 Qxd4+ 48. Kg5 Qxf2 49. g7 Qg3+ 50.
Kh6 c3 51. Bg5 Qh3+ 52. Kg6 Qf5+ 53. Kh6 Qf7 54. Kh7 b5 55. Bh6 b4 56. Kh8 b3 57.
g8=Q+ Qxg8+ 58. Kxg8 b2 59. Kf7 b1=Q 60. Kxe6 c2 0-1

[Event "Early-Titled-Tuesday-Blitz-September-12-2023"]
[Site "Chess.com"]
[Date "2023.09.12"]
[Round "10"]
[White "OchsenfroschGambit"]
[Black "Boxerandchessplayer"]
[Result "1-0"]
[WhiteElo "2344"]
[BlackElo "2124"]
[TimeControl "180+1"]
[EndTime "9:56:26 PDT"]
[Termination "OchsenfroschGambit won on time"]

1. d4 e6 2. c4 d5 3. Nc3 a6 4. cxd5 exd5 5. Bf4 c6 6. e3 Bf5 7.
Bd3 Bxd3 8. Qxd3 Nf6 9. Nf3 Nbd7 10. h3 Be7 11. O-O O-O 12. Rab1 b5 13. Rbc1 Nb6 14. b3 Rc8 15. Ne5 Nfd7 16. Nxd7 Qxd7 17. a4 Bd6 18.
Bxd6 Qxd6 19. axb5 axb5 20. Ra1 Ra8 21. Rfc1 g6 22. Ne2 Rxa1 23. Rxa1 Ra8 24. Rxa8+ Nxa8 25. Qc3 Nc7 26. Nf4 Ne6 27. Nd3 Kg7 28. b4 h5 29.
Ne5 Nd8 30. Qa3 Qc7 31. Qa8 f6 32. Nd3 Kf7 33. Nc5 Ne6 34. Qh8 Qe7 35. Qc8 Nxc5 36. dxc5 Qe6 37. Qc7+ Kg8 38. Kh2 h4 39. Qd8+ Kg7 40.
Qc7+ Kg8 41. Kg1 g5 42. Kh2 Kf8 43. g3 hxg3+ 44. Kxg3 Kg8 45. Kg2 Kf8 46. Kg3 Kg8 47. Qd8+ Kg7 48. Qb6 Kf7 49. Qc7+ Kg6 50. Qb8 1-0

[Event "Early-Titled-Tuesday-Blitz-September-12-2023"]
[Site "Chess.com"]
[Date "2023.09.12"]
[Round "10"]
[White "McCarthyStone"]
[Black "Mariia89"]
[Result "1-0"]
[WhiteElo "2453"]
[BlackElo "1998"]
[TimeControl "180+1"]
[EndTime "9:56:26 PDT"]
[Termination "McCarthyStone won on time"]

1. c4 c5 2. Nc3 Nc6 3. g3 g6 4.
Bg2 Bg7 5. e4 d6 6. Nge2 Nf6 7.
O-O O-O 8. d4 cxd4 9. Nxd4 Bd7 10. Nde2 a6 11. h3 Qa5 12. Be3 b5 13. cxb5 axb5 14.
g4 b4 15. Nd5 Nxd5 16. exd5 Ne5 17. Bd4 Bb5 18. Re1 Nd3 19. Bxg7 Kxg7 20. Rf1 Kg8 21.
Qd2 b3 22. Qxa5 Rxa5 23. Nc3 Nxb2 24. Nxb5 Rxb5 25. axb3 Rxb3 26. Ra7 Re8 27. Re1 Kf8 28. Bf1 Nd3 29. Rea1 Ne5 30. Rc7 Nf3+ 31. Kg2 Nd2 32. Be2 Nb1 33. Raa7 Nc3 34. Bc4 Rb2 35. Bd3 Rb3 36.
Bc2 Nxd5 37. Bxb3 Nxc7 38. Rxc7 Rb8 39. Bd5 Rb5 40. Bc4 Rb4 41. g5 Rb2 42. h4 Rb1 43.
Bd3 Re1 44. Kf3 Kg7 45. Be2 e5 46. Bc4 1-0

[Event "Early-Titled-Tuesday-Blitz-September-12-2023"]
[Site "Chess.com"]
[Date "2023.09.12"]
[Round "10"]
[White "Aleksandar-Topalov"]
[Black "BeautiFullMindChess"]
[Result "1-0"]
[WhiteElo "2347"]
[BlackElo "2202"]
[TimeControl "180+1"]
[EndTime "9:56:27 PDT"]
[Termination "Aleksandar-Topalov won by resignation"]

1. b3 d5 2. Bb2 Nf6 3. Nf3 Bg4 4. g3 Bxf3 5. e3 c6 6. Qxf3 Nbd7 7. d4 e6 8. Nd2 a5 9. a3 a4 10. b4 b5 11. e4 Nb6 12. e5 Nfd7 13.
Bd3 g6 14. O-O h5 15. h4 Bh6 16. Bc1 Qe7 17. Kg2 O-O-O 18. Rh1 Kb7 19. Nf1 Bxc1 20. Rxc1 g5 21. hxg5 Qxg5 22. Qe3 Qg7 23. Rh4 Rdf8 24. Nd2 f6 25. exf6 Rxf6 26. Rch1 Qf7 27. f4 Nc8 28. Nf3 Nd6 29. Ng5 Qe8 30. Re1 Rhh6 31. c3 Nf8 32. Qe5 Qe7 33. Nf3 Nf7 34. Qe2 Ng6 35. Rh2 h4 36. Bxg6 Rfxg6 37. Rh3 Rxg3+ 38. Rxg3 hxg3 39. Kxg3 Nd6 40. Ng5 Nf5+ 41. Kg2 Qg7 42. Rh1 Rxh1 43. Kxh1 Qh6+ 44. Kg2 Qh4 45. Qf2 Qg4+ 46.
Kf1 Ng3+ 47. Kg1 Ne2+ 48. Kf1 Nxf4 49. Nf7 Qd1+ 50. Qe1 Qf3+ 51. Qf2 Qh1+ 52. Qg1 Qe4 53. Nd6+ Kc7 54. Nxe4 dxe4 55. Qg7+ 1-0

[Event "Early-Titled-Tuesday-Blitz-September-12-2023"]
[Site "Chess.com"]
[Date "2023.09.12"]
[Round "10"]
[White "MokshAD1603"]
[Black "ChessQueen"]
[Result "1/2-1/2"]
[WhiteElo "2600"]
[BlackElo "2718"]
[TimeControl "180+1"]
[EndTime "9:56:28 PDT"]
[Termination "Game drawn - insufficient material"]

1. e4 c6 2. Nf3 d5 3. Nc3 dxe4 4.
Nxe4 Nf6 5. Qe2 Nxe4 6. Qxe4 Nd7 7. d4 Nf6 8. Qd3 Bg4 9. c3 e6 10. Be2 Bd6 11. O-O O-O 12. Bg5 Bf5 13. Qe3 Qc7 14. h3 Nd5 15. Qd2 Bf4 16. Bxf4 Nxf4 17. Ne5 Ng6 18. f4 Rad8 19. Qe3 Rfe8 20. g4 Bc2 21.
Rf2 f6 22. Nxg6 Bxg6 23. Bc4 Bf7 24. Re1 Re7 25. Qg3 c5 26. dxc5 Qxc5 27. Bb3 Rd2 28. Qe3 Qxe3 29. Rxe3 Rxf2 30. Kxf2 Kf8 31. Rd3 Rc7 32.
Ke3 Ke7 33. Rd4 h5 34. Bd1 hxg4 35. hxg4 Rc5 36. Bf3 b6 37. a4 e5 38. fxe5 fxe5 39. Rd2 Bb3 40. Bd1 Bxd1 41. Rxd1 Rc4 42. a5 Rxg4 43. axb6 axb6 44. Rd5 Rg6 45. Rxe5+ Kd6 46. Re4 Rg2 47. b4 g5 48. Kf3 Rc2 49. Re3 Kd5 50.
Kg4 Kc4 51. Re6 b5 52. Rc6+ Kb3 53. Rc5 Rxc3 54. Rxb5 Rc4+ 55. Kxg5 Rxb4 56. Rxb4+ Kxb4 1/2-1/2

[Event "Early-Titled-Tuesday-Blitz-September-12-2023"]
[Site "Chess.com"]
[Date "2023.09.12"]
[Round "10"]
[White "Hasangatin_Ramil"]
[Black "GlavkonVVS"]
[Result "1-0"]
[WhiteElo "2729"]
[BlackElo "2581"]
[TimeControl "180+1"]
[EndTime "9:56:28 PDT"]
[Termination "Hasangatin_Ramil won by resignation"]

1. e4 Nf6 2. d3 d5 3. e5 Nfd7 4. f4 e6 5. Nf3 c5 6. g3 Nc6 7.
Bg2 Be7 8. O-O O-O 9. c4 Nb6 10.
Qe2 f6 11. Be3 fxe5 12. fxe5 Bd7 13. Nbd2 Qc7 14. Bf2 Rad8 15. Nb3 d4 16. g4 Be8 17. Bg3 Bg6 18. Nh4 Bxh4 19. Bxh4 Ne7 20. Nd2 Rde8 21. Rxf8+ Rxf8 22. Ne4 Bxe4 23. Bxe4 Nc6 24. Bg3 Nd7 25. Re1 Rf7 26. a3 Ne7 27. b4 b6 28. b5 Nf8 29.
Bg2 Nfg6 30. Qe4 h6 31. a4 Qd8 32. Ra1 Qf8 33. Qa8 Qxa8 34. Bxa8 Nf4 35. Be4 g5 36. a5 Ne2+ 37. Kg2 Nxg3 38. hxg3 Nc8 39. Bg6 Rc7 40. Kf3 Kg7 41. Be8 bxa5 42. Rxa5 Nb6 43. Ke4 Kf8 44. Bh5 Ke7 45. Ra1 Kd8 46. Rf1 Re7 47. Rf6 Kc7 48. Rxh6 Kb7 49. Rg6 a6 50. bxa6+ Kxa6 51.
Rxg5 Ka5 52. Rg8 Kb4 53. Rb8 Ka5 54. g5 Na4 55. Be8 Nc3+ 56. Kf3 Ka6 57. g6 Ka7 58. Rd8 Rg7 59. Bf7 Kb6 60. Rd6+ Kc7 61. Rxe6 Kd7 62.
Ra6 Ke7 63. Ra7+ 1-0

[Event "Early-Titled-Tuesday-Blitz-September-12-2023"]
[Site "Chess.com"]
[Date "2023.09.12"]
[Round "10"]
[White "ural58"]
[Black "Tsyhanchuk_Stanislav"]
[Result "0-1"]
[WhiteElo "2532"]
[BlackElo "2433"]
[TimeControl "180+1"]
[EndTime "9:56:28 PDT"]
[Termination "Tsyhanchuk_Stanislav won on time"]

1. e4 c5 2. Nf3 d6 3. Bb5+ Nd7 4. a4 a6 5. Be2 g6 6. d4 cxd4 7. Qxd4 Ngf6 8. Nc3 Bg7 9. Bg5 O-O 10. a5 h6 11. Bh4 b5 12. axb6 Nxb6 13. O-O Bb7 14. Qd3 Nbd7 15. Nd5 Nc5 16. Nxf6+ Bxf6 17. Qe3 Bxh4 18.
Nxh4 Kg7 19. e5 Ne6 20. exd6 Qxd6 21. Bf3 Rab8 22. Bxb7 Rxb7 23. Nf3 Rc8 24. Rfc1 Rxb2 25. c4 Kh7 26. h4 Nf4 27. Re1 e6 28. Rad1 Qb8 29.
Ne5 g5 30. hxg5 hxg5 31. Qe4+ f5 32. Qe3 Qa8 33. Nf3 Kg8 34. Qd4 Qb7 35. c5 Ne2+ 36.
Rxe2 Rxe2 37. Qf6 Qf7 38. Qxg5+ Kf8 39. Rc1 Rb2 40. c6 Rb6 0-1

[Event "Early-Titled-Tuesday-Blitz-September-12-2023"]
[Site "Chess.com"]
[Date "2023.09.12"]
[Round "10"]
[White "DKmirl"]
[Black "ChainedDowntohell"]
[Result "0-1"]
[WhiteElo "2274"]
[BlackElo "2474"]
[TimeControl "180+1"]
[EndTime "9:56:28 PDT"]
[Termination "ChainedDowntohell won on time"]

1. d4 g6 2. Nf3 Bg7 3. g3 b6 4.
Bg2 Bb7 5. O-O Nf6 6. c4 e6 7. Nc3 Ne4 8. Bd2 O-O 9. Rc1 d6 10. Qc2 Nxd2 11. Qxd2 Nd7 12. b4 Qe7 13. a4 a5 14. b5 f5 15. e3 h6 16. Nh4 Bxg2 17. Nxg2 Rae8 18. Nf4 Qf7 19. Nd3 Kh7 20. c5 dxc5 21.
dxc5 Rd8 22. Qe2 Nxc5 23. Nxc5 bxc5 24. Qc4 Qe7 25. Ne2 Rd2 26. Nf4 e5 27. Ne6 Rf7 28. Nxg7 Kxg7 29. Qxc5 Qxc5 30. Rxc5 Ra2 31. Rc4 Rd7 32.
Rfc1 Rdd2 33. Rxc7+ Kf6 34. h4 Ke6 35. R1c6+ Kd5 36.
Rd7+ Ke4 37. Rc4+ Kf3 38. Rxd2 Rxd2 39. Rc1 Rb2 40. h5 gxh5 41. Rd1 e4 42. Kf1 Rxf2+ 43. Ke1 Rg2 0-1